evh, chaotic female orcish Ranger ----------------------------------------------------- |...................................................| |..----------------------------...---.--|----------.| |..|..........................|...|----|.| -----|.| .. |...............<............*|...-|.-.|.--- |...||.| *. .|..|.............[...........^---..|-|..)..|--...||.| # ..|..|............................|..|.-..-|-|.....||.| # .-|..------------------------------..|-|..|..|..----|.| ## ...|.......%..........................|.-..|.(|..| |.| # ...)|.^------------------------------..-----|..|).| |%| # .....|..| -----------------------|.......|---..-----%| # .......|[.| |......................|--.----|...........| # ..|.....|..-------.|.-------------------- |.| ------------- # ....|.....|...)u@....|.---------------------|(| ) ...-----..-------------|....).................|.| # .........................|.---------------------- (.......|.....................| -------------------------------- evh the Trailblazer Experience level: 9 Strength: 17 Dexterity: 14 Constitution: 16 Intelligence: 13 Wisdom: 13 Charisma: 7 Health: 0(48) Energy: 32(32) AC: 0 Gold: 0 Moves: 4386 Your Inventory: Weapons b - an uncursed [+0] bow (alternate weapon; not wielded) c - 58 uncursed +2 orcish arrows u - 10 uncursed +0 daggers (in quiver) w - a blessed +0 dagger (weapon in hand) z - an [uncursed +0] dagger [of telepathy] A - 75 uncursed [+0] arrows N - a [cursed -1] runed dagger [of telepathy (elven)] W - an [uncursed +1] dagger Armor l - an uncursed +2 cloak of displacement (being worn) L - an uncursed thoroughly rusty +0 pair of hard shoes [iron] (being worn) S - a blessed +1 dwarvish mithril-coat (being worn) Comestibles f - an uncursed cram ration h - an uncursed tripe ration Wands i - an uncursed wand of magic missile [0:2] n - an [uncursed] wand of cold [0:7] R - an [uncursed] wand called mahogany/engrave:vanish [of make invisible (0:4)] Tools e - an uncursed key [skeleton key] x - an [uncursed] stethoscope E - an [uncursed] bag of holding P - an uncursed towel Gems j - an [uncursed] stone called luck [luckstone] Contents of the bag of holding: 783 gold pieces 3 [cursed +0] arrows 11 [cursed -2] arrows a [blessed +1] arrow 4 [uncursed +1] arrows 12 [blessed +3] darts 5 [uncursed +0] darts 19 uncursed +0 orcish arrows an uncursed +1 orcish dagger 2 uncursed cram rations an uncursed [stale] egg an [uncursed] food ration 2 uncursed tripe rations 2 [uncursed] scrolls labeled AQUE BRAGH [of enchant weapon] an [uncursed] scroll labeled ELAM EBOW [of create monster] an [uncursed] scroll labeled FOOBIE BLETCH [of light] an [uncursed] brown potion [of sickness] an [uncursed] dark potion [of object detection] a [blessed] potion called booze [of booze] 6 [uncursed] potions called booze [of booze] a [blessed] silver potion [of monster detection] a [blessed] sparkling potion [of speed] an [uncursed] steamy potion [of acid] 2 [uncursed tallow] candles 2 [uncursed] black gems [worthless glass] 2 [uncursed] black gems [jet] 2 [uncursed] blue gems [worthless glass] 4 [uncursed] green gems [emerald] an [uncursed] green gem [worthless glass] an [uncursed] orange gem [worthless glass] an [uncursed] red gem [jasper] 2 [uncursed] red gems [worthless glass] 4 [uncursed] red gems [ruby] 2 [uncursed] violet gems [amethyst] 2 [uncursed] white gems [diamond] an [uncursed] white gem [worthless glass] an [uncursed] yellow gem [citrine] 2 [uncursed] yellow gems [worthless glass] 4 [uncursed] yellowish brown gems [worthless glass] Spells known in the end: Name Level Category Fail Memory Your skills at the end: Fighting Skills Weapon Skills dagger [Skilled / Expert] bow [Basic / Expert] Spellcasting Skills Final Attributes: You were piously aligned. Hunger level was 499. Your alignment was 30 / 31. Monster difficulty range was 1 - 9. Level difficulty was 10. You were immune to poison. You had automatic searching. You had infravision. You were displaced. You were stealthy. You were lucky (3). You had extra luck. Bad luck did not time out for you. Good luck did not time out for you. You are dead. Vanquished creatures: a small mimic a quantum mechanic a shocking sphere a dwarf king a quivering blob a winter wolf cub a lynx a black light a vampire bat a gnome king a brown pudding a rust monster an owlbear 3 chickatrices a snake a rope golem a pony 10 gnome lords 4 gnomish wizards a giant ant a floating eye 14 dwarves a rothe a rabid rat 2 centipedes 4 hobbits 4 manes a brown mold a red mold 57 gnomes a gecko 6 jackals 4 kobolds 2 grid bugs 4 bats 3 lichens a kobold zombie a newt 142 creatures vanquished. Voluntary challenges: You used a wielded weapon 164 times. You read items or engraved 7 times. You put on armor 12 times. You never genocided any monsters. You never polymorphed an object. You never changed form. You used no wishes. You wrote Elbereth's name 6 times. You never encountered a bones level. You never used any Sokoban shortcuts. Dungeon overview: The Dungeons of Doom: levels 1 to 3 Level 1 a long staircase Level 2 stairs to The Gnomish Mines The Gnomish Mines: levels 3 to 10 Level 3 stairs to The Dungeons of Doom Level 6 many shops, a temple, a magic chest, some fountains Level 10 <- You were here History has recorded: On T:1 you entered the Dungeons of Doom to retrieve the Amulet of Yendor! On T:222 you reached level 2 of The Dungeons of Doom. On T:586 you reached level 3 of The Dungeons of Doom. On T:629 you advanced to experience level 2. On T:669 you reached level 1 of The Gnomish Mines. On T:704 you advanced to experience level 3. On T:708 you advanced to experience level 4. On T:842 you reached level 2 of The Gnomish Mines. On T:843 you advanced to experience level 5. On T:906 you advanced to experience level 6. On T:1069 you reached level 3 of The Gnomish Mines. On T:1723 you reached level 4 of The Gnomish Mines. On T:1798 you advanced to experience level 7. On T:2394 you reached level 5 of The Gnomish Mines. On T:2634 you reached level 6 of The Gnomish Mines. On T:2645 you advanced to experience level 8. On T:2800 you reached level 7 of The Gnomish Mines. On T:2905 you reached level 8 of The Gnomish Mines. On T:3555 you advanced to experience level 9. Latest messages: [HP-1=23] The dagger hits the horse. The horse kicks! The horse bites! [HP-6=17] The horse kicks! The horse bites! [HP-9=8] You begin praying to Mars. You are surrounded by a shimmering light. The horse starts to attack you, but pulls back. (5x) You finish your prayer. You feel that Mars is well-pleased. [3 turns] The magic missile hits the horse! The horse kicks! The horse bites! The horse kicks! You die... Final status: Goodbye evh the Ranger... You died in The Gnomish Mines on dungeon level 10 with 8235 points, and 783 pieces of gold, after 4386 moves. You were level 9 with a maximum of 48 hit points when you died.